 Dungeon Crawl Stone Soup version 0.15.2 (webtiles) character file.

32485 4tharraofdagon the Cleaver (level 13, -1/118 HPs)
             Began as a Pale Draconian Berserker on Jan 17, 2015.
             Was an Elder of Trog.
             Slain by an ice devil (19 damage)
             ... in an ice cave.
             The game lasted 00:56:18 (8541 turns).

4tharraofdagon the Cleaver (DrBe)                   Turns: 8541, Time: 00:56:18

HP  -1/118       AC 14     Str 21      XL: 13   Next: 31%
MP   0/26        EV 20     Int 12      God: Trog [****..]
Gold 886         SH  0     Dex 10      Spells:  0 memorised, 12 levels left

rFire  + . .     SeeInvis .     J - +2 war axe (flame)
rCold  . . .     Clarity  .     (armour unavailable)
rNeg   . . .     rCorr    .     (no shield)
rPois  +         rRot     .     A - +2 hat {rF+}
rElec  .         Spirit   +     y - +0 cloak
SustAb .         Warding  .     F - +2 pair of gloves
rMut   .         Stasis   .     (no boots)
Gourm  .                        S - amulet of guardian spirit
MR     +++..                    v - ring of Sloth {rPois MR+}
                                N - +4 ring of evasion

@: exhausted, regenerating, slowed, very slow, extremely resistant to hostile
enchantments, very unstealthy
A: breathe steam, unfitting armour, antennae 1, blurry vision 1, cold-blooded,
AC +8
a: Breathe Steam, Burn Spellbooks, Berserk, Trog's Hand, Brothers in Arms,
Renounce Religion


You were in an ice cave.
You worshipped Trog.
Trog was greatly pleased with you.
You were very hungry.

You visited 2 branches of the dungeon, and saw 19 of its levels.
You also visited: Labyrinth, Sewer, Ice Cave and Volcano.

You collected 1062 gold pieces.
You spent 176 gold pieces at shops.

Inventory:

Hand weapons
 b - a +3 war axe of electrocution
 r - the +9 dagger "Gahioc" {stab, Int+2 SInv}
   (You found it on level 4 of the Dungeon)

   It inflicts extra damage upon your enemies.
   It affects your intelligence (+2).
   It enhances your eyesight.
 J - a +2 war axe of flaming (weapon)
 P - a +0 blowgun
Armour
 y - a +0 cloak (worn)
 A - a +2 hat of fire resistance (worn)
 F - a +2 pair of gloves (worn)
Magical devices
 x - a wand of digging (8)
 D - a wand of paralysis (11)
 I - a wand of draining (0)
 M - a wand of teleportation (3)
 U - a wand of disintegration (24)
 Z - a wand of digging (16)
Comestibles
 c - 12 bread rations
 d - 10 meat rations
Scrolls
 f - a scroll of noise
 j - 3 scrolls of remove curse
 o - 8 scrolls of teleportation
 s - 4 scrolls of fear
 t - 2 scrolls of fog
 u - 4 scrolls of blinking
 T - 3 scrolls of enchant armour
 V - 2 scrolls of enchant weapon
Jewellery
 a - an uncursed ring of fire
 i - an uncursed amulet of resist mutation
 l - an uncursed ring of positive energy
 v - the ring of Sloth (right hand) {rPois MR+}
   (You found it in a labyrinth)

   [ring of protection from magic]

   It protects you from poison.
   It affects your resistance to hostile enchantments.
 G - an uncursed ring of wizardry
 N - a +4 ring of evasion (left hand)
 S - an amulet of guardian spirit (around neck)
Potions
 h - 4 potions of might {unknown}
 k - 6 potions of magic {unknown}
 m - 8 potions of curing
 p - 10 potions of heal wounds
 q - 2 potions of brilliance
 w - 2 potions of flight
 z - 2 potions of restore abilities
 B - a potion of lignification
 C - 3 potions of resistance
 E - a potion of cure mutation
 K - a potion of cancellation
 L - 2 potions of berserk rage {unknown}
 O - 3 potions of agility
 Q - a potion of invisibility
 Y - a potion of haste
Books
 e - a book of Death

   Spells                             Type                      Level
   Corpse Rot                         Necromancy                   2
   Sublimation of Blood               Necromancy                   2
   Agony                              Necromancy                   5
   Dispel Undead                      Necromancy                   5
   Excruciating Wounds                Charms/Necromancy            5
   Bolt of Draining                   Conjuration/Necromancy       5
   Trog disapproves of the use of such an item.
 n - a book of Summonings

   Spells                             Type                      Level
   Abjuration                         Summoning                    3
   Recall                             Summoning/Translocation      3
   Shadow Creatures                   Summoning                    5
   Summon Demon                       Summoning                    5
   Summon Forest                      Summoning/Translocation      5
   Monstrous Menagerie                Summoning                    6
   Trog disapproves of the use of such an item.
 X - a book of the Dragon

   Spells                             Type                      Level
   Flight                             Charms/Air                   3
   Cause Fear                         Hexes                        4
   Bolt of Fire                       Conjuration/Fire             6
   Dragon Form                        Transmutation                7
   Dragon's Call                      Summoning                    9
   Trog disapproves of the use of such an item.
Magical staves
 R - an uncursed staff of wizardry
Rods
 H - a +7 rod of inaccuracy (10/10)
   (You found it in a labyrinth)


   Skills:
 + Level 12.0 Fighting
   Level 3.0 Long Blades
 * Level 14.5 Axes
 + Level 10.4 Dodging
 - Level 10.0 Evocations


You had 12 spell levels left.
You didn't know any spells.

Dungeon Overview and Level Annotations

Branches:
Dungeon (14/15)            Temple (0/1) D:7             Orc (0/4) D:9
   Lair (5/8) D:11         Spider (0/5) Lair:3
  Swamp: Lair:3-6    Shoals: Lair:3-6    Vaults: D:13-14

Altars:
Ashenzari
Nemelex Xobeh
Xom
The Shining One
Jiyva

Shops:
D:7 !

Annotations:
IceCv exclusion: ice statue


Innate Abilities, Weirdness & Mutations

You can breathe blasts of scalding steam.
Your pale cyan-grey scales are hard (AC +8).
Your body does not fit into most forms of armour.
Your cold-blooded metabolism reacts poorly to cold.
You have a pair of small antennae on your head.
Your vision is a little blurry.


Message History

The ice devil is moderately wounded.
The ice devil hits you but does no damage.
You hit the ice devil but do no damage.
The ice devil is moderately wounded.
The ice devil hits you. The ice devil freezes you!
You closely miss the ice devil.
The ice devil is moderately wounded.
The ice devil hits you but does no damage.
You slash the ice devil! You burn the ice devil.
The ice devil is heavily wounded.
The ice devil completely misses you.
You slash the ice devil! You burn the ice devil!
The ice devil is almost dead.
The ice devil hits you. The ice devil freezes you!!
* * * LOW HITPOINT WARNING * * *
The ice devil hits you.
* * * LOW HITPOINT WARNING * * *
The ice devil freezes you!!
You feel as though you will be slow longer.
You die...

## ...# .....# ......8
####
.......########..##
........##..##....##
....................#
..⌠.....3@=.....∩∩..#
...........##.......#
..........######....##
.........## ##..##
.........?# ####
........## .......##
.....## ####


You could see an ice devil.

Vanquished Creatures
  Frances (D:14)
  A minotaur (Lab)
  The ghost of 4tharraofdagon the Cleaver, an experienced MiDK of Yredelemnul (D:9)
  A centaur warrior (D:14)
  4 death yaks (Lair:4)
  Urug (Volcano)
  A skeletal warrior (D:13)
  3 unseen horrors
  3 hill giants
  An ice statue (IceCv)
  Pikel (D:5)
  A griffon (Lair:4)
  2 ugly things (D:12)
  A cyclops (D:12)
  A manticore (D:12)
  An elephant (D:11)
  A centaur zombie (D:12)
  A black mamba (Lair:4)
  A gargoyle (D:12)
  A komodo dragon (D:13)
  3 spiny frogs
  A fire drake (Lair:3)
  A hellwing (D:14)
  An efreet (D:14)
  5 trolls
  Grinder (D:5)
  8 blink frogs
  4 blue devils (IceCv)
  10 yaks
  A wyvern (D:12)
  2 hippogriffs (D:11)
  A deep elf mage (D:13)
  3 fire bats (Lair:3)
  8 vampire mosquitoes
  9 wolves
  A hungry ghost (D:12)
  A warg (D:9)
  Edmund (D:6)
  Menkaure (D:7)
  6 water moccasins
  2 ice beasts
  A human skeleton (D:9)
  7 orc warriors
  4 porcupines
  2 slaves (D:5)
  A yellow wasp (D:12)
  2 black bears
  7 ogres
  2 phantoms
  A sky beast (D:9)
  6 centaurs
  Duvessa (D:5)
  A crocodile (D:11)
  A gnoll sergeant (D:9)
  3 big kobolds
  7 giant frogs
  3 scorpions
  19 killer bees
  A hippogriff skeleton (D:13)
  3 crimson imps
  A yak skeleton (D:9)
  5 wights (D:6)
  2 goliath beetles (D:11)
  7 hounds
  Dowan (D:5)
  A gnoll shaman (D:4)
  4 jellies
  4 orc priests
  14 orc wizards
  Crazy Yiuf (D:3)
  5 iguanas
  7 sheep
  8 worker ants
  A killer bee zombie (D:8)
  A big kobold zombie (D:10)
  Ijyb (D:2)
  A mottled dragon zombie (D:11)
  2 mottled dragon skeletons
  12 gnolls
  30 adders
  16 green rats
  A gnoll skeleton (D:6)
  A worm (D:5)
  An adder skeleton (D:7)
  An iguana skeleton (D:7)
  6 giant geckos
  2 oozes
  19 orcs
  A bat zombie (D:6)
  5 giant cockroaches
  9 goblins
  11 hobgoblins
  6 quokkas
  10 ball pythons
  20 bats
  6 giant newts
  A giant spore (D:6)
  8 jackals
  27 kobolds
  A kobold skeleton (D:7)
  A quokka skeleton (D:4)
  29 rats
  10 ballistomycetes
  2 fungi (Lair:3)
472 creatures vanquished.

Vanquished Creatures (collateral kills)
  A skeletal warrior (D:13)
1 creature vanquished.

Vanquished Creatures (others)
  A two-headed ogre (D:13)
  A shadow (D:14)
  5 sheep (D:8)
  3 gnolls (D:6)
  An orc (D:9)
  3 giant spores
14 creatures vanquished.

Grand Total: 487 creatures vanquished

Notes
Turn   | Place    | Note
--------------------------------------------------------------
     0 | D:1      | 4tharraofdagon, the Draconian Berserker, began the quest for the Orb.
     0 | D:1      | Reached XP level 1. HP: 19/19 MP: 1/1
   201 | D:3      | Reached XP level 2. HP: 19/26 MP: 2/2
   357 | D:1      | Reached skill level 4 in Fighting
   357 | D:1      | Reached XP level 3. HP: 29/33 MP: 3/3
   394 | D:1      | Acquired Trog's second power
   568 | D:2      | Noticed Ijyb
   590 | D:2      | Killed Ijyb
   590 | D:2      | Reached XP level 4. HP: 41/41 MP: 4/4
   648 | D:2      | Noticed a worker ant
   779 | D:4      | Reached skill level 5 in Fighting
   779 | D:4      | Reached XP level 5. HP: 48/48 MP: 5/5
  1003 | D:4      | Got an encrusted dagger
  1078 | D:4      | Reached XP level 6. HP: 12/57 MP: 6/6
  1079 | D:4      | Found a glowing drain.
  1130 | Sewer    | Entered a sewer
  1168 | Sewer    | Reached skill level 5 in Dodging
  1248 | Sewer    | Reached skill level 6 in Fighting
  1654 | Sewer    | Identified the +9 dagger "Gahioc" {stab, Int+2 SInv} (You found it on level 4 of the Dungeon)
  1782 | Sewer    | Your scales start fading to a pale cyan-grey colour.
  1782 | Sewer    | Reached XP level 7. HP: 24/64 MP: 7/7
  2055 | D:3      | Noticed Crazy Yiuf
  2060 | D:3      | Killed Crazy Yiuf
  2134 | D:5      | Entered Level 5 of the Dungeon
  2174 | D:5      | Reached skill level 7 in Fighting
  2248 | D:5      | Noticed Grinder
  2262 | D:5      | Killed Grinder
  2420 | D:5      | Noticed Dowan
  2422 | D:5      | Noticed Duvessa
  2429 | D:5      | Killed Dowan
  2431 | D:5      | Killed Duvessa
  2431 | D:5      | Reached XP level 8. HP: 73/73 MP: 8/8
  2704 | D:5      | Noticed Pikel
  2713 | D:5      | Killed Pikel
  2875 | D:6      | Noticed Edmund
  2902 | D:6      | Killed Edmund
  2999 | D:6      | Reached skill level 8 in Axes
  2999 | D:6      | Reached XP level 9. HP: 74/79 MP: 9/9
  3214 | D:7      | Found a staircase to the Ecumenical Temple.
  3253 | D:7      | Found Toang's Distillery.
  3258 | D:7      | Bought a potion of heal wounds for 48 gold pieces
  3258 | D:7      | Bought a potion of heal wounds for 48 gold pieces
  3258 | D:7      | Bought a potion of curing for 32 gold pieces
  3258 | D:7      | Bought a potion of restore abilities for 48 gold pieces
  3351 | D:7      | Reached skill level 9 in Axes
  3430 | D:7      | Noticed Menkaure
  3439 | D:7      | Killed Menkaure
  3499 | D:7      | Acquired Trog's third power
  3861 | D:8      | Found a sparkling altar of Nemelex Xobeh.
  3894 | D:8      | Reached skill level 1 in Evocations
  3973 | D:8      | Found a shimmering altar of Xom.
  4055 | D:9      | Noticed 4tharraofdagon's ghost (experienced MiDK)
  4068 | D:9      | Killed 4tharraofdagon's ghost
  4068 | D:9      | Reached skill level 10 in Axes
  4068 | D:9      | Reached XP level 10. HP: 90/90 MP: 11/14
  4089 | D:9      | Identified the Disquisition on the Entourage and Transmutation (You found it on level 9 of the Dungeon)
  4097 | D:9      | Received a gift from Trog
  4290 | D:9      | Found a staircase to the Orcish Mines.
  4589 | D:9      | Found a viscous altar of Jiyva.
  4667 | D:10     | Entered Level 10 of the Dungeon
  4904 | D:10     | Found a glowing golden altar of the Shining One.
  4952 | D:10     | Reached skill level 11 in Axes
  5093 | D:11     | Found a labyrinth entrance.
  5141 | Lab      | Entered a labyrinth
  5351 | Lab      | Noticed a minotaur
  5359 | Lab      | Killed a minotaur
  5359 | Lab      | Reached skill level 5 in Evocations
  5359 | Lab      | Reached XP level 11. HP: 79/99 MP: 17/19
  5370 | Lab      | Got a sparkling turquoise ring
  5375 | Lab      | Identified the ring of Sloth {rPois MR+} (You found it in a labyrinth)
  5549 | D:11     | Found a staircase to the Lair.
  5549 | D:11     | Noticed an elephant
  5558 | D:11     | Killed an elephant
  5561 | D:11     | Killed an unseen horror
  5589 | D:11     | Found a shattered altar of Ashenzari.
  5617 | D:11     | Reached skill level 10 in Fighting
  5752 | D:12     | Noticed a hill giant
  5760 | D:12     | Killed a hill giant
  5861 | D:12     | Reached skill level 12 in Axes
  5873 | D:12     | Gained mutation: You have a pair of small antennae on your head. [mutagenic meat]
  5874 | D:12     | Gained mutation: Your vision is a little blurry. [mutagenic meat]
  5897 | D:12     | Killed an unseen horror
  6177 | D:13     | Noticed a hill giant
  6183 | D:13     | Killed a hill giant
  6260 | D:13     | Noticed a hill giant
  6269 | D:13     | Killed a hill giant
  6292 | D:13     | Reached XP level 12. HP: 85/108 MP: 17/23
  6338 | D:13     | Noticed a skeletal warrior
  6339 | D:13     | Noticed a skeletal warrior
  6339 | D:13     | Noticed a skeletal warrior
  6341 | D:13     | Noticed a skeletal warrior
  6341 | D:13     | Noticed a skeletal warrior
  6376 | D:13     | Killed a skeletal warrior
  6582 | D:13     | Killed a skeletal warrior
  6646 | D:13     | Killed an unseen horror
  6646 | D:13     | Reached skill level 13 in Axes
  6722 | D:14     | Noticed Frances
  6801 | D:14     | Killed Frances
  6863 | D:14     | Noticed a centaur warrior
  6872 | D:14     | Killed a centaur warrior
  7010 | Lair:1   | Entered Level 1 of the Lair of Beasts
  7578 | Lair:3   | Found a hole to the Spider Nest.
  7663 | Lair:3   | Reached skill level 10 in Dodging
  7674 | Lair:3   | Found a dark tunnel.
  7688 | Volcano  | Entered a volcano
  7697 | Volcano  | Noticed Urug
  7713 | Volcano  | Killed Urug
  7805 | Volcano  | Reached skill level 14 in Axes
  7864 | Lair:3   | Identified a +7 rod of inaccuracy (10/10) (You found it in a labyrinth)
  8061 | Lair:3   | Reached XP level 13. HP: 117/117 MP: 26/26
  8243 | Lair:4   | Reached skill level 10 in Evocations
  8454 | Lair:5   | Found a frozen archway.
  8463 | IceCv    | Entered an ice cave
  8541 | IceCv    | Slain by an ice devil

Action                   |  1- 3 |  4- 6 |  7- 9 | 10-12 | 13-15 || total
-------------------------+-------+-------+-------+-------+-------++-------
Melee: Falchion          |    93 |   340 |       |       |       ||   433
       Dagger            |       |    28 |    20 |       |       ||    48
       War axe           |       |       |   233 |   563 |   137 ||   933
Invok: Berserk           |     4 |     8 |    11 |    17 |     1 ||    41
       Trog's Hand       |       |    11 |    14 |    28 |     2 ||    55
       Brothers in Arms  |       |       |       |     1 |       ||     1
 Abil: Breathe Steam     |       |       |       |       |     1 ||     1
Evoke: Wand              |       |       |     4 |     7 |     2 ||    13
  Use: Scroll            |       |     3 |     8 |    16 |     3 ||    30
       Potion            |       |       |       |     1 |       ||     1
 Stab: Paralysed         |       |       |       |       |     2 ||     2
  Eat: Chunk             |     2 |    15 |    21 |    30 |     1 ||    69
       Fruit             |       |       |       |     6 |       ||     6
       Pizza             |       |       |       |     3 |       ||     3
       Beef jerky        |       |       |       |     1 |       ||     1
